 Dungeon Crawl Stone Soup version 0.31-a0-986-g5e6e4ef867 (webtiles) character file.

Game seed: 8291181882243092583

290 Forgeling the Skirmisher (level 6, -5/35 HPs)
             Began as a Tengu Hunter on Nov 17, 2023.
             Was a Follower of Ru.
             Slain by a gnoll
             ... wielding a +0 whip
             ... led by a gnoll sergeant
              (6 damage)
             ... on level 5 of the Dungeon.
             The game lasted 00:15:38 (3165 turns).

Forgeling the Skirmisher (Tengu Hunter)             Turns: 3165, Time: 00:15:39

Health: -5/35      AC: -1    Str: 10 (11) XL:     6   Next: 32%
Magic:  16/16      EV: 12    Int:  8 (9)  God:    Ru [*.....]
Gold:   162        SH:  0    Dex: 19 (20) Spells: 5/5 levels left

rFire   . . .        a - +0 shortbow
rCold   . . .        (shield currently unavailable)
rNeg    . . .        c - +1 leather armour
rPois   .            (helmet restricted)
rElec   .            (no cloak)
rCorr   .            (no gloves)
SInv    .            (boots unavailable)
Will    +....        (no amulet)
Stlth   ++           b - ring of magical power
HPRegen 0.25/turn    (no ring)
MPRegen 0.15/turn

%: acrobat
@: enlightened, flying
A: beak, talons 3, reduced AC 1, acrobatic
a: Renounce Religion


You were on level 5 of the Dungeon.
You worshipped Ru.
Ru was aware of your devotion.
You visited 1 branch of the dungeon, and saw 5 of its levels.

You collected 162 gold pieces.

Inventory:

Hand Weapons
 a - a +0 shortbow (weapon)
 g - a +2 triple sword of protection
Armour
 c - a +1 leather armour (worn)
Jewellery
 b - a ring of magical power (left hand)
 e - a ring of fire
 i - a ring of wizardry
Potions
 T - a potion of berserk rage
 U - 2 potions of mutation


   Skills:
 - Level 2.0 Fighting
 + Level 8.1 Ranged Weapons
 - Level 2.1 Dodging
 - Level 1.0 Stealth


You had 5 spell levels left.
You didn't know any spells.
Your spell library contained the following spells:

 Spells                   Type           Power      Damage    Failure   Level
 Shock                    Conj/Air       0%         1d3       52%         1
 Ensorcelled Hibernation  Hex/Ice        0%         N/A       65%         2
 Passwall                 Tmut/Erth      0%         N/A       65%         2
 Call Canine Familiar     Summ           0%         N/A       87%         3
 Sigil of Binding         Hex            0%         N/A       87%         3
 Swiftness                Air            0%         N/A       87%         3
 Dimensional Bullseye     Hex/Tloc       0%         N/A       99%         4
 Leda's Liquefaction      Hex/Erth       0%         N/A       99%         4


Dungeon Overview and Level Annotations

Branches:
Dungeon (5/15)             Temple (0/1) D:4

Altars:
Ru

Shops:
D:4 :

Annotations:
D:2 1 runed translucent door, 1 exclusion, Crazy Yiuf
D:4 Sigmund
D:5 Dowan, Duvessa, Prince Ribbit


Innate Abilities, Weirdness & Mutations

You have a beak for a mouth.
You have claws for feet.
You take slightly more damage. (AC -5)
You can magically evade attacks while moving or waiting.


Message History

The gnoll shouts! x2; The gnoll sergeant shouts!
You hear an angry hiss.
You hear a shout! a +0 spear; a gnoll corpse You hear an angry hiss.
You hear a shout!
An orc comes into view. It is wielding a +0 club.
Fire: a) +0 shortbow
Press: ? - help, Q - select action Shift-Dir - straight line, f - white imp
Aim: a white imp (wandering, hasn't noticed you, 66% to hit)
You shoot an arrow. The white imp shouts!
The arrow hits the white imp!
The white imp is severely wounded.
You hear a shout!
An orc comes into view. It is wielding a +0 dagger.
The white imp hits you. The white imp freezes you.
Fire: a) +0 shortbow
Press: ? - help, Q - select action Shift-Dir - straight line, f/p - white imp
Aim: a white imp (severely wounded, 66% to hit)
You shoot an arrow. The white imp is severely wounded.
The gnoll hits you with a +0 whip. The white imp hits you.
The white imp freezes you.
Fire: a) +0 shortbow
Press: ? - help, Q - select action Shift-Dir - straight line, f/p - white imp
Aim: a white imp (severely wounded, 66% to hit)
You shoot an arrow. The arrow hits the white imp.
The white imp is severely wounded.
The gnoll hits you with a +0 whip.
* * * LOW HITPOINT WARNING * * *
The gnoll sergeant hits you from afar with a +0 spear.
* * * LOW HITPOINT WARNING * * *
As you read the scroll labelled POXEUPR NULL, it crumbles to dust.
It is a scroll of enchant armour.
Your +0 leather armour glows green for a moment.
The white imp gestures at you. The puff of frost hits you!
* * * LOW HITPOINT WARNING * * *
You feel very buoyant.
You fly up into the air.
The gnoll hits you with a +0 whip.
You die...

#.#####.##.# #.# .#
#.# .# #.# .. #.#
## ##.# #go# ##+##
#g## ##...## #@####
##.....# #5##.##
##.......
##.#...####........
#.........'........
#.#o###+###........
#. .. ##....... #.
.≈ ##.....# #. ...
##...## #. ##+##


You could see a gnoll sergeant, a gnoll, a white imp and 2 orcs.

Vanquished Creatures
  2 scorpions
  An orc priest (D:3)
  An orc wizard (D:3)
  Natasha (D:4)
  A gnoll (D:5)
  2 adders
  4 worms
  A dart slug (D:2)
  4 orcs
  5 bats
  4 endoplasms
  A giant cockroach (D:1)
  2 hobgoblins
  5 kobolds
  4 quokkas
  4 ball pythons
  A frilled lizard (D:2)
  5 goblins
  5 rats
53 creatures vanquished.

Notes
Turn   | Place    | Note
-------+----------+-------------------------------------------
     0 | D:1      | Forgeling the Tengu Hunter began the quest for the Orb.
     0 | D:1      | Reached XP level 1. HP: 12/12 MP: 2/2
     6 | D:1      | Found a faded altar of an unknown god.
    15 | D:1      | Got Plato's Folio of Haze
   303 | D:1      | Reached XP level 2. HP: 17/17 MP: 3/3
   486 | D:1      | Reached skill level 5 in Ranged Weapons
   641 | D:2      | Found a sacrificial altar of Ru.
   646 | D:2      | Became a worshipper of Ru the Awakened
   694 | D:2      | Found a runed translucent door.
   695 | D:2      | Noticed Crazy Yiuf
   899 | D:2      | Reached XP level 3. HP: 21/21 MP: 4/4
  1300 | D:3      | Noticed a scorpion
  1430 | D:4      | Found Gaunuwka's Book Emporium.
  1444 | D:4      | Noticed Sigmund
  1504 | D:3      | Killed a scorpion
  1505 | D:3      | Reached skill level 6 in Ranged Weapons
  1505 | D:3      | Reached XP level 4. HP: 26/26 MP: 5/5
  1719 | D:3      | Reached skill level 7 in Ranged Weapons
  1719 | D:3      | Reached XP level 5. HP: 26/30 MP: 6/6
  1829 | D:3      | Gained mutation: You take slightly more damage. (AC -5) [Ru
                  | sacrifice]
  1829 | D:3      | Reached * piety under Ru
  2471 | D:4      | Noticed Natasha
  2522 | D:4      | Noticed a black bear
  2615 | D:5      | Entered Level 5 of the Dungeon
  2696 | D:5      | Reached XP level 6. HP: 33/35 MP: 7/7
  2712 | D:5      | Noticed Prince Ribbit
  2918 | D:4      | Found a staircase to the Ecumenical Temple.
  2960 | D:4      | Killed Natasha
  2961 | D:4      | Reached skill level 8 in Ranged Weapons
  3036 | D:5      | Noticed Duvessa
  3036 | D:5      | Noticed Dowan
  3164 | D:5      | HP: 1/35 [white imp/puff of frost (11)]
  3165 | D:5      | Slain by a gnoll

Illustrated notes

Levels and vault maps discovered:
D:1:      ncdulo_watergridlock, layout_loops_cross,
          shapermc_ecumenical_altar_rom_forum, minmay_misc_feat_roman,
          minmay_misc_feat_alley
D:2:      layout_basic, basic_altar, kennysheep_generic_room_8,
          uniq_crazy_yiuf_cottage
D:3:      layout_loops_ring
D:4:      layout_rooms, minmay_temple_entry_slanted, serial_shops, shop,
          uniq_natasha, uniq_sigmund
D:5:      layout_loops_corners, mainiacjoe_overflow_six_doors_small,
          uniq_edmund, uniq_prince_ribbit1, uniq_duvessa

Skill      XL: |  1  2  3  4  5  6 |
---------------+-------------------+-----
Ranged Weapons | 5 6 7 8 |  8.1
Fighting       | |  2.0
Dodging        | |  2.1
Stealth        | |  1.0

Action                     |  1- 3 |  4- 6 || total
---------------------------+-------+-------++-------
   Fire: Shortbow          |    88 |   123 ||   211
 Invoke: Sacrifice Health  |       |     1 ||     1
    Use: Scroll            |     6 |     5 ||    11
         Potion            |     1 |     4 ||     5
 Armour: Leather armour    |     3 |    30 ||    33
         Skin              |    11 |    14 ||    25
  Dodge: Dodged            |     5 |    43 ||    48

Table legend: (Time is in decaauts)
 A = Elapsed time spent in this place.
 B = Non-inter-level travel time spent in this place.
 C = Inter-level travel time spent in this place.
 D = Time resting spent in this place.
 E = Time spent auto-exploring this place.
 F = Levels seen in this place.
 G = Mean time per level.
                   A        B        C        D        E       F      G
               +--------+--------+--------+--------+--------+-----+--------+
         Total |   3193 |   2942 |    251 |    190 |   1300 |   5 |  638.6 |
       Dungeon |   3193 |   2942 |    251 |    190 |   1300 |   5 |  638.6 |
               +--------+--------+--------+--------+--------+-----+--------+

Top non-repeatable levels by time:
     D:3: 927 daAuts
     D:2: 727 daAuts
     D:4: 702 daAuts
     D:1: 607 daAuts
     D:5: 228 daAuts
